 Dungeon Crawl Stone Soup version 0.28-a0-1406-ga8dd43b1d0 (webtiles) character file.

Game seed: 12877245871323480710

172 IndexError the Caller (level 5, -1/37 HPs)
             Began as a Gnoll Summoner on Jan 6, 2022.
             Killed by divine providence
             ... invoked by an orc priest
              (12 damage)
             ... on level 3 of the Dungeon.
             The game lasted 00:04:46 (3593 turns).

IndexError the Caller (Gnoll Summoner)              Turns: 3593, Time: 00:04:47

Health: -1/37      AC:  4    Str: 13    XL:     5   Next: 52%
Magic:  21/21      EV: 13    Int: 17    God:
Gold:   138        SH:  0    Dex: 12    Spells: 5/14 levels left

rFire   . . .      SeeInvis .   n - +0 dagger (venom)
rCold   . . .      Faith    .   (no shield)
rNeg    . . .      Spirit   .   a - +0 robe
rPois   .          Reflect  .   (no helmet)
rElec   .          Harm     .   (no cloak)
rCorr   .          Rampage  .   (no gloves)
Will    .....                   j - +1 pair of boots
Stlth   +++.......              (no amulet)
HPRegen 0.12/turn               d - +6 ring of strength
MPRegen 0.17/turn               s - ring of magical power {MP+9}

@: lethally poisoned (-1 -> -2)
A: fangs 1, strong nose, distributed training
a: no special abilities


You were on level 3 of the Dungeon.
You visited 1 branch of the dungeon, and saw 3 of its levels.

You collected 138 gold pieces.

Inventory:

Hand Weapons
 n - a +0 dagger of venom (weapon)
   (You took it off a kobold on level 2 of the Dungeon)
Armour
 a - a +0 robe (worn)
 j - a +1 pair of boots (worn)
   (You found it on level 2 of the Dungeon)
Magical Staves
 e - a staff of conjuration {!a}
   (You found it on level 1 of the Dungeon)
Jewellery
 d - a +6 ring of strength (left hand)
   (You found it on level 1 of the Dungeon)
 g - a ring of fire {rF+, rC-}
   (You found it on level 1 of the Dungeon)
 m - a ring of see invisible {sInv, !d}
   (You found it on level 2 of the Dungeon)
 s - a ring of magical power (right hand) {MP+9}
   (You found it on level 3 of the Dungeon)
Scrolls
 f - 2 scrolls of summoning {unknown}
 h - a scroll of noise {unknown}
 k - a scroll of fear {unknown}
 l - 2 scrolls of identify {unknown}
 o - a scroll of vulnerability {unknown}
 p - 2 scrolls of teleportation {unknown}
Potions
 b - a potion of heal wounds {unknown}
 c - 2 potions of curing {unknown}
 i - 2 potions of degeneration {unknown}
 q - a potion of mutation {unknown}
 r - a potion of lignification {unknown}


   Skills:
 + Level 1.5 Fighting
 + Level 1.5 Short Blades
 + Level 1.5 Long Blades
 + Level 1.5 Axes
 + Level 1.5 Maces & Flails
 + Level 1.5 Polearms
 + Level 1.5 Staves
 + Level 1.5 Slings
 + Level 1.5 Bows
 + Level 1.5 Crossbows
 + Level 1.5 Throwing
 + Level 1.5 Armour
 + Level 4.8 Dodging
 + Level 4.4 Stealth
 + Level 1.5 Shields
 + Level 1.5 Unarmed Combat
 + Level 5.2 Spellcasting
 + Level 1.2 Conjurations
 + Level 1.2 Hexes
 + Level 7.2 Summonings
 + Level 1.2 Necromancy
 + Level 1.2 Translocations
 + Level 1.2 Transmutations
 + Level 1.2 Fire Magic
 + Level 1.2 Ice Magic
 + Level 1.2 Air Magic
 + Level 1.2 Earth Magic
 + Level 1.2 Poison Magic
 + Level 1.7 Invocations
 + Level 1.5 Evocations


You had 5 spell levels left.
You knew the following spells:

 Your Spells              Type           Power      Damage    Failure   Level
a - Summon Small Mammal   Summ           100%       N/A       1%          1
b - Call Canine Familiar  Summ           29%        N/A       2%          3
c - Call Imp              Summ           29%        N/A       1%          2
d - Summon Guardian Gole  Hex/Summ       18%        N/A       8%          3

Your spell library contained the following spells:

 Spells                   Type           Power      Damage    Failure   Level
 Sublimation of Blood     Necr           8%         N/A       13%         2
 Summon Lightning Spire   Summ/Air       18%        N/A       24%         4
 Gell's Gravitas          Tloc           8%         N/A       26%         3
 Teleport Other           Tloc           8%         N/A       26%         3
 Petrify                  Tmut/Erth      8%         N/A       63%         4
 Irradiate                Conj/Tmut      4%         3d15      93%         5
 Dispersal                Tloc           4%         N/A       100%        6


Dungeon Overview and Level Annotations

Branches:
Dungeon (3/15)

Altars:

Shops:
D:3 =


Innate Abilities, Weirdness & Mutations

You have very sharp teeth.
Your uncanny sense of smell can sniff out nearby items.
Your experience applies equally to all skills.


Message History

The orc shouts!
An orc comes into view. It is wielding a +0 mace.
There are monsters nearby!
Casting: Call Imp (safe; 1% risk of failure)
Confirm with . or Enter, or press ? or * to list all spells.
The orc barely misses you.
You now have 18/21 mp.
Casting: Call Canine Familiar (dangerous; 2% risk of failure)
Confirm with . or Enter, or press ? or * to list all spells.
A beastly little devil appears in a puff of frigid air.
The orc hits you but does no damage.
Your hound closely misses the orc.
You now have 16/21 mp.
You hit the orc.
The orc is poisoned.
You bite the orc, but do no damage. The orc hits you with a +0 club.
Your hound barely misses the orc.
You take 1 damage, and have 36/37 hp.
You completely miss the orc.
Your hound bites the orc. x2
You barely miss the orc.
Your white imp closely misses the orc.
The orc hits you but does no damage.
Your hound barely misses the orc.
You hit the orc.
No target in view!
Things that are here:
a +0 mace; a +0 club; an orc corpse; Health restored: 37; MP restored: 21 You swap places.
A ball python comes into view.
A ball python is nearby!
A ball python is nearby!
An adder and a goblin come into view.
The goblin barely misses you.
You hit the goblin.
The goblin is poisoned.
You hit the adder but do no damage. The adder closely misses you.
The adder misses you.
You barely miss the adder.
Your white imp gestures at the adder.
The puff of frost hits the adder!
Your hound bites the ball python!
There is an open door here.
No target in view!
Your white imp disappears in a puff of smoke!
There is an open door here.
Items here: ( )) †.
There is an open door here.
A ball python comes into view.
There is an open door here.
The helpless ball python fails to defend itself.
You puncture the ball python!
No target in view!
A ball python and an adder come into view.
There are monsters nearby!
An adder comes into view.
There is an open door here.
The helpless adder fails to defend itself.
You puncture the adder!
You swap places.
The adder hisses angrily.
There is an open door here.
You hit the adder.
The adder is poisoned.
The adder closely misses you.
You miss the adder. The adder misses you.
You hit the adder.
The adder looks as sick as possible!
A ball python is nearby!
An adder comes into view.
There is an open door here.
The helpless adder fails to defend itself.
You impale the adder!!
No target in view!
No target in view!
You swap places.
There is an open door here.
There is an open door here.
The helpless ball python fails to defend itself.
You puncture the ball python!
No target in view!
You swap places.
There is an open door here.
The orc shouts!
You hear a shout! x2
An adder comes into view.
There is an open door here.
A ball python comes into view.
The ball python hisses angrily.
The orc priest shouts!
You hit the ball python.
The ball python is poisoned.
The orc hits you with a +0 short sword.
Your hound bites the orc but does no damage.
The adder bites you.
You are poisoned.
The adder poisons you!
You take 5 damage, and have 32/37 hp.
You barely miss the adder. Your bite misses the adder.
You feel sick.
Your hound barely misses the orc.
The adder misses you. The orc hits you with a +0 short sword.
The orc priest invokes the aid of Beogh against you.
Beogh smites you!
You take 19 damage, and have 13/37 hp.
MASSIVE DAMAGE!!
You feel sick.
Your hound closely misses the orc.
The orc hits your hound with a +0 short sword.
Your hound closely misses the orc.
You take 1 damage, and have 12/37 hp.
You feel sick.
Your hound bites the orc but does no damage.
The orc priest calls down the wrath of Beogh upon you.
Beogh smites you!
You die...

#..#..# ####'###'####
#..'.....†..#..
#†.#.....#..#.#
####.....####.#
#.....#†.#.# # #
#.....#..#.# #
.###'####'####'#.# #
..o..o†.S@.......## # #
##...ooh..........# #.# #
#.#
##...............####.###
#.#
##'####'####)#..........
#.# #.
#.....#..#.......... #.#
# #.....#..#.##.#.....
#.# #.....####.##.#.####
#.# ∆ #.....# ####.#.#
#.# '.....' #.#.#


You could see an orc priest, an adder, 3 orcs and a friendly hound (summoned).

Vanquished Creatures
  An orc wizard (D:3)
  6 adders
  2 dart slugs (D:1)
  3 orcs (D:3)
  An endoplasm (D:2)
  A giant cockroach (D:1)
  A hobgoblin (D:3)
  2 quokkas
  8 ball pythons
  5 bats
  3 frilled lizards
  7 goblins
  3 kobolds
43 creatures vanquished.

Vanquished Creatures (collateral kills)
  An adder (D:3)
  A worm (D:2)
  7 orcs (D:3)
  A ball python (D:3)
  A goblin (D:3)
  2 hobgoblins
  4 jackals (D:1)
  4 kobolds
  3 quokkas
24 creatures vanquished.

Grand Total: 67 creatures vanquished

Notes
Turn   | Place    | Note
-------+----------+-------------------------------------------
     0 | D:1      | IndexError the Gnoll Summoner began the quest for the Orb.
     0 | D:1      | Reached XP level 1. HP: 13/13 MP: 6/6
   177 | D:1      | Reached XP level 2. HP: 14/19 MP: 5/7
  1128 | D:1      | You fall into a shaft and drop 1 floor!
  1186 | D:1      | Reached XP level 3. HP: 25/25 MP: 9/9
  1239 | D:1      | Learned a level 2 spell: Call Imp
  1243 | D:1      | Learned a level 3 spell: Call Canine Familiar
  1247 | D:1      | Learned a level 3 spell: Summon Guardian Golem
  1309 | D:1      | Reached skill level 5 in Spellcasting
  2333 | D:2      | Found a faded altar of an unknown god.
  2366 | D:2      | Reached skill level 1 in Invocations
  2492 | D:2      | Reached skill level 1 in Fighting
  2492 | D:2      | Reached skill level 1 in Short Blades
  2492 | D:2      | Reached skill level 1 in Long Blades
  2492 | D:2      | Reached skill level 1 in Axes
  2492 | D:2      | Reached skill level 1 in Maces & Flails
  2492 | D:2      | Reached skill level 1 in Polearms
  2492 | D:2      | Reached skill level 1 in Staves
  2492 | D:2      | Reached skill level 1 in Slings
  2492 | D:2      | Reached skill level 1 in Bows
  2492 | D:2      | Reached skill level 1 in Crossbows
  2492 | D:2      | Reached skill level 1 in Throwing
  2492 | D:2      | Reached skill level 1 in Armour
  2492 | D:2      | Reached skill level 1 in Shields
  2492 | D:2      | Reached skill level 1 in Unarmed Combat
  2492 | D:2      | Reached skill level 1 in Evocations
  2555 | D:2      | Reached XP level 4. HP: 31/32 MP: 6/11
  3078 | D:3      | Reached skill level 1 in Conjurations
  3078 | D:3      | Reached skill level 1 in Hexes
  3078 | D:3      | Reached skill level 1 in Necromancy
  3078 | D:3      | Reached skill level 1 in Translocations
  3078 | D:3      | Reached skill level 1 in Transmutations
  3078 | D:3      | Reached skill level 1 in Fire Magic
  3078 | D:3      | Reached skill level 1 in Ice Magic
  3078 | D:3      | Reached skill level 1 in Air Magic
  3078 | D:3      | Reached skill level 1 in Earth Magic
  3078 | D:3      | Reached skill level 1 in Poison Magic
  3313 | D:3      | Reached XP level 5. HP: 31/37 MP: 12/12
  3375 | D:3      | Found Hawured's Jewellery Shoppe.
  3593 | D:3      | Killed from afar by an orc priest

Illustrated notes

Levels and vault maps discovered:
D:1:      giann_horns, layout_loops_ring
D:2:      layout_basic, ebering_ecumenical_altar_box
D:3:      layout_loops_ring, serial_shops, nicolae_shop_behind_doors,
          minmay_snake_closets

Skill      XL: |  1  2  3  4 |
---------------+-------------+-----
Spellcasting   | 5 |  5.2
Invocations    | 1 |  1.7
Fighting       | 1 |  1.5
Short Blades   | 1 |  1.5
Long Blades    | 1 |  1.5
Axes           | 1 |  1.5
Maces & Flails | 1 |  1.5
Polearms       | 1 |  1.5
Staves         | 1 |  1.5
Slings         | 1 |  1.5
Bows           | 1 |  1.5
Crossbows      | 1 |  1.5
Throwing       | 1 |  1.5
Armour         | 1 |  1.5
Shields        | 1 |  1.5
Unarmed Combat | 1 |  1.5
Evocations     | 1 |  1.5
Conjurations   | 1 |  1.2
Hexes          | 1 |  1.2
Necromancy     | 1 |  1.2
Translocations | 1 |  1.2
Transmutations | 1 |  1.2
Fire Magic     | 1 |  1.2
Ice Magic      | 1 |  1.2
Air Magic      | 1 |  1.2
Earth Magic    | 1 |  1.2
Poison Magic   | 1 |  1.2
Dodging        | |  4.8
Stealth        | |  4.4
Summonings     | |  7.2

Action                   |  1- 3 |  4- 6 || total
-------------------------+-------+-------++-------
Melee: Dagger            |   110 |    42 ||   152
       Bite              |    12 |     1 ||    13
       Punch             |     4 |       ||     4
       Unarmed           |     1 |       ||     1
 Cast: Summon Small Mamm |    14 |       ||    14
       Call Imp          |     5 |     2 ||     7
       Call Canine Famil |     4 |     2 ||     6
 Stab: Sleeping          |     9 |    11 ||    20
       Distracted        |     1 |       ||     1
Armor: Robe              |    15 |     3 ||    18
Dodge: Dodged            |    80 |    18 ||    98

Table legend: (Time is in decaauts)
 A = Elapsed time spent in this place.
 B = Non-inter-level travel time spent in this place.
 C = Inter-level travel time spent in this place.
 D = Time resting spent in this place.
 E = Time spent auto-exploring this place.
 F = Levels seen in this place.
 G = Mean time per level.
                   A        B        C        D        E       F      G
               +--------+--------+--------+--------+--------+-----+--------+
         Total |   3589 |   3388 |    201 |      0 |   2849 |   3 | 1196.3 |
       Dungeon |   3589 |   3388 |    201 |      0 |   2849 |   3 | 1196.3 |
               +--------+--------+--------+--------+--------+-----+--------+

Top non-repeatable levels by time:
     D:1: 1798 daAuts
     D:2: 1119 daAuts
     D:3: 671 daAuts

Table legend:
 A = Kills in this place as a percentage of kills in entire the game.
 B = Kills by you in this place as a percentage of kills by you in the entire game.
 C = Kills by friends in this place as a percentage of kills by friends in the entire game.
 D = Other kills in this place as a percentage of other kills in the entire game.
 E = Experience gained in this place as a percentage of experience gained in the entire game.
 F = Experience gained in this place divided by the number of levels of this place that you have seen.
                   A       B       C       D       E      F
               +-------+-------+-------+-------+-------+----------------------
         Total | 100.0 | 100.0 | 100.0 |   N/A | 100.0 |  82.0
       Dungeon | 100.0 | 100.0 | 100.0 |   N/A | 100.0 |  82.0
               +-------+-------+-------+-------+-------+----------------------
